Map: Neon Violet Square LE

Players

TOP

  • Race: Terran Terran
  • League: Master
  • Spawn Location: 11:00

Humility - Winner!

  • Race: Zerg Zerg
  • League: Master
  • Spawn Location: 5:00

VOD

Have the link to the VOD?

Description

Time

  • Played on: Nov. 21, 2017, 7:12 p.m.
  • Length: 14:09
Show
View Real Time Build Order
Export as new Build Order

TOP Terran 

Build Orders: Hellion Opening, Reaper Expand, Mech 

Get SALT Encoding   

  12  0:00  SCV  
  13  0:13  SCV  
  14  0:19  Supply Depot  
  14  0:25  SCV  
  15  0:31  Refinery  
  15  0:41  SCV  
  16  0:46  Barracks  
  16  0:53  SCV  
  17  1:05  SCV  
  18  1:17  SCV  
  19  1:34  Orbital Command, Reaper  
  20  1:45  Command Center  
  20  1:57  Factory  
  20  2:01  SCV  
  21  2:04  Refinery  
  21  2:08  Barracks Reactor  
  21  2:13  SCV  
  22  2:18  Supply Depot  
  22  2:25  SCV  
  23  2:39  SCV  
  24  2:48  Starport  
  24  2:52  SCV  
  24  2:53  Hellion  
  24  2:54  Hellion  
  24  2:57  Orbital Command  
  29  3:04  SCV  
  30  3:15  Hellion x2  
  30  3:16  SCV  
  35  3:25  SCV  
  35  3:26  Medivac  
  38  3:36  Hellion x2  
  38  3:39  Armory  
  41  3:44  Supply Depot  
  41  3:46  SCV x2  
  43  3:58  Hellion  
  45  4:04  SCV  
  45  4:06  SCV, Hellion  
  45  4:07  Supply Depot  
  49  4:19  Hellion  
  51  4:26  SCV x2  
  51  4:29  Hellion  
  55  4:38  Command Center, SCV  
  56  4:41  Hellion  
  56  4:44  Factory  
  58  4:46  Factory  
  58  4:51  SCV  
  59  4:57  Hellion x3  
  57  5:00  SCV, Hellion  
  57  5:02  Refinery x2  
  57  5:05  Starport Tech Lab  
  57  5:06  Barracks Tech Lab  
  58  5:09  SCV  
  58  5:12  SCV  
  58  5:13  Terran Vehicle Weapons Level 1  
  52  5:16  Supply Depot  
  52  5:22  SCV  
  52  5:25  SCV  
  52  5:30  Banshee  
  52  5:31  Hellion x2  
  52  5:32  Factory Tech Lab  
  59  5:36  SCV  
  59  5:37  SCV  
  59  5:41  Supply Depot  
  64  5:42  Siege Tank  
  64  5:48  SCV  
  64  5:49  SCV  
  66  5:51  Orbital Command  
  66  5:52  Supply Depot x2  
  66  5:55  Siege Tank  
  69  6:01  SCV x2  
  71  6:06  Hellion  
  71  6:09  Hellion  
  71  6:10  Barracks Reactor  
  75  6:13  SCV  
  75  6:15  Orbital Command  
  75  6:17  SCV  
  77  6:28  Factory  
  77  6:30  Factory  
  77  6:32  Viking  
  77  6:36  Siege Tank  
  77  6:38  Hellion x2  
  77  6:39  SCV x2  
  88  6:42  SCV  
  89  6:51  Siege Tank  
  89  6:53  SCV x2  
  94  6:55  Refinery  
  94  6:57  Refinery  
  94  6:59  SCV  
  95  7:05  Supply Depot  
  95  7:06  Supply Depot  
  95  7:08  Siege Tank  
  98  7:12  Medivac x2  
  98  7:15  Hellion x2  
  106  7:16  Factory Reactor  
  106  7:18  Infernal Pre-Igniter  
  106  7:26  Terran Vehicle Weapons Level 2  
  106  7:30  SCV x2  
  106  7:31  SCV  
  106  7:35  Command Center  
  109  7:38  Siege Tank  
  109  7:39  Hellion  
  114  7:44  Engineering Bay  
  114  7:46  Hellion, Supply Depot  
  114  7:50  Siege Tank  
  119  7:52  Medivac  
  119  7:55  Medivac  
  123  8:08  Siege Tank  
  123  8:11  Siege Tank  
  123  8:12  Hellion x2  
  131  8:25  Hellion  
  133  8:38  Supply Depot  
  133  8:39  Siege Tank  
  133  8:40  Hellion x2  
  133  8:41  Supply Depot  
  140  8:47  Hellion x2, Siege Tank  
  147  8:58  Hellion  
  147  9:01  Hellion x2  
  153  9:08  Siege Tank  
  153  9:09  Hellion  
  156  9:11  Siege Tank  
  156  9:19  Hellion, Siege Tank  
  161  9:28  Hellion  
  161  9:29  Hellion  
  161  9:30  Viking, Hellion  
  169  9:35  Planetary Fortress  
  167  9:41  Siege Tank  
  167  9:44  Siege Tank  
  171  9:49  Armory  
  171  9:51  Siege Tank  
  164  10:13  Hellion, Siege Tank  
  164  10:14  Hellion x2  
  165  10:16  Siege Tank  
  150  10:23  Siege Tank  
  150  10:27  Hellion  
  151  10:29  Armory  
  151  10:35  Hellion x2  
  151  10:39  Hellion  
  153  10:45  SCV, Siege Tank  
  153  10:48  Siege Tank  
  153  10:49  Hellion  
  162  10:55  Siege Tank  
  162  10:56  Hellion  
  167  10:57  Hellion  
  167  10:58  SCV  
  170  11:10  SCV  
  171  11:13  Hellion  
  171  11:17  Siege Tank  
  162  11:20  Hellion, Siege Tank  
  157  11:25  Hellion  
  157  11:28  Siege Tank  
  157  11:31  Hellion  
  139  11:34  Hellion  
  119  11:41  Hellion  
  104  11:49  Siege Tank  
  104  11:50  Hellion  
  104  11:52  Siege Tank  
  104  11:53  Hellion  
  86  11:56  Hellion  
  86  12:00  Siege Tank  
  79  12:09  Hellion  
  79  12:11  Hellion  
  86  12:23  Hellion x2  
  86  12:24  Viking x2  
  94  12:33  SCV  
  94  12:35  Refinery x2  
  92  12:39  Missile Turret  
  92  12:45  SCV  
  93  12:56  Siege Tank  
  93  12:57  SCV, Hellion  
  99  13:04  Hellion  
  99  13:09  Hellion x2  
  99  13:12  Hellion  
  103  13:14  Viking  
  103  13:16  Missile Turret  
  103  13:17  Viking  
  107  13:40  Command Center  
  107  13:41  Hellion x2  
  117  13:44  Hellion  
Show
View Real Time Build Order
Export as new Build Order

Humility Zerg - Winner!

Build Orders: Hatch First, Swarm Host 

Get SALT Encoding   

  12  0:01  Drone  
  13  0:13  Overlord  
  13  0:18  Drone  
  14  0:31  Drone x2  
  14  0:35  Drone  
  17  0:52  Hatchery  
  17  0:55  Drone  
  17  0:58  Drone  
  18  1:10  Extractor  
  17  1:14  Spawning Pool  
  17  1:17  Drone  
  17  1:20  Drone  
  18  1:28  Drone  
  19  1:41  Drone  
  20  1:52  Overlord  
  20  2:01  Queen  
  22  2:04  Queen  
  22  2:05  Zergling x4  
  26  2:10  Metabolic Boost  
  26  2:12  Drone  
  27  2:17  Drone  
  28  2:25  Drone  
  28  2:27  Drone  
  30  2:33  Overlord  
  30  2:39  Spore Crawler  
  30  2:41  Queen  
  31  2:47  Queen  
  31  2:50  Overlord  
  34  2:55  Drone x3  
  37  2:59  Drone  
  38  3:10  Overlord  
  38  3:16  Pneumatized Carapace  
  38  3:17  Drone x4  
  42  3:27  Drone x5  
  46  3:30  Extractor  
  46  3:44  Overlord  
  46  3:46  Hatchery  
  45  3:50  Zergling x6  
  48  4:02  Drone x4  
  52  4:03  Roach Warren  
  51  4:15  Drone x4  
  55  4:18  Lair  
  55  4:25  Queen  
  56  4:36  Overlord  
  56  4:39  Overlord  
  56  4:43  Roach x5  
  65  4:59  Roach x5  
  75  5:12  Drone x3  
  75  5:14  Extractor  
  75  5:15  Drone x4, Evolution Chamber  
  75  5:19  Extractor, Spore Crawler  
  75  5:20  Spore Crawler  
  72  5:26  Drone x3  
  75  5:31  Drone x2, Glial Reconstitution  
  75  5:35  Drone  
  78  5:36  Hydralisk Den  
  78  5:40  Drone  
  78  5:44  Spore Crawler  
  78  5:48  Drone x4  
  81  5:53  Overlord  
  81  5:55  Hatchery, Zerg Missile Weapons Level 1  
  80  6:06  Drone x7  
  87  6:13  Drone x4  
  87  6:17  Drone x4  
  95  6:23  Overlord  
  95  6:24  Overlord  
  95  6:29  Drone x3  
  95  6:30  Extractor x2  
  96  6:36  Muscular Augments  
  96  6:37  Overlord x2  
  96  6:51  Overlord  
  96  6:52  Overseer  
  96  6:56  Hydralisk x7  
  110  7:05  Overlord  
  110  7:07  Hydralisk x3  
  110  7:08  Infestation Pit  
  115  7:14  Overlord x2  
  115  7:15  Overlord  
  115  7:22  Hydralisk x4  
  117  7:28  Drone x4  
  127  7:39  Hydralisk x3, Overlord  
  133  7:49  Zerg Missile Weapons Level 2  
  133  7:55  Hydralisk x5, Hive  
  143  8:12  Roach x3  
  157  8:13  Roach x6  
  161  8:22  Hydralisk x3  
  161  8:24  Overlord x2  
  161  8:25  Overlord x2  
  165  8:29  Extractor  
  162  8:46  Hydralisk x8  
  178  9:03  Hydralisk x7  
  192  9:13  Overlord  
  190  9:21  Overlord x3  
  190  9:35  Viper x2, Hatchery  
  190  9:36  Viper, Spine Crawler  
  190  9:37  Spore Crawler  
  190  9:38  Spine Crawler  
  195  9:42  Hydralisk  
  195  9:43  Hydralisk  
  183  10:13  Hydralisk x10  
  195  10:15  Roach  
  195  10:16  Roach  
  184  10:28  Hydralisk  
  184  10:29  Hydralisk x5  
  187  10:49  Roach x6  
  199  11:15  Zerg Missile Weapons Level 3  
  189  11:22  Hatchery  
  148  11:38  Hydralisk x11  
  140  11:47  Hydralisk  
  140  11:48  Hydralisk x3  
  140  11:52  Roach x3  
  148  11:55  Drone  
  148  11:56  Queen x2  
  145  12:04  Hydralisk x5  
  147  12:12  Swarm Host x3  
  147  12:14  Queen  
  158  12:16  Queen  
  158  12:17  Extractor  
  158  12:20  Extractor  
  158  12:24  Swarm Host  
  158  12:25  Swarm Host x2  
  167  12:32  Drone x2  
  167  12:36  Queen  
  171  12:41  Extractor  
  171  12:42  Swarm Host  
  171  12:43  Swarm Host x3  
  171  12:44  Extractor  
  181  12:50  Overlord x2  
  181  12:51  Swarm Host x2  
  187  12:59  Drone x7  
  194  13:25  Overseer x2  
  194  13:37  Drone x4, Nydus Network  
  194  13:38  Spire  
Tags
 
Add a new tag
Caveats
  • Supply blocks, unpowered buildings, or Contaminate may cause inaccurate times.
  • Supply counts are checked every 10 seconds.